 Dungeon Crawl Stone Soup version 0.32-a0-738-g1a05c61809 (webtiles) character file.

Game seed: 15419857707849694241

16 Nvm9 the Trooper (level 2, -1/24 HPs)
             Began as a Demonspawn Fighter on Mar 17, 2024.
             Slain by a goblin
             ... wielding a +0 dagger
              (3 damage)
             ... on level 3 of the Dungeon.
             The game lasted 00:01:02 (803 turns).

Nvm9 the Trooper (Demonspawn Fighter)                Turns: 803, Time: 00:01:02

Health: -1/24      AC:  6    Str: 16    XL:     2   Next: 41%
Magic:  2/2        EV:  7    Int:  8    God:
Gold:   52         SH:  4    Dex: 12    Spells: 1/1 levels left

rFire   . . .        a - +0 war axe
rCold   . . .        c - +0 buckler
rNeg    . . .        b - +0 scale mail
rPois   .            (no helmet)
rElec   .            (no cloak)
rCorr   .            (no gloves)
SInv    .            (no boots)
Will    .....        (no amulet) Stlth
                     (no ring)
HPRegen 0.24/turn    (no ring)
MPRegen 0.08/turn

%: no passive effects
@: no status effects
A: hooves 1
a: no special abilities


You were on level 3 of the Dungeon.
You visited 1 branch of the dungeon, and saw 3 of its levels.

You collected 52 gold pieces.

Inventory:

Hand Weapons
 a - a +0 war axe (weapon)
Armour
 b - a +0 scale mail (worn)
 c - a +0 buckler (worn)
Scrolls
 e - 3 scrolls of identify {unknown}
 g - a scroll of fog {unknown}
Potions
 d - a potion of might
 f - a potion of lignification {unknown}


   Skills:
 + Level 3.2 Fighting
 + Level 2.1 Axes
 + Level 2.9 Armour
 + Level 2.9 Shields


You had one spell level left.
You didn't know any spells.
Your spell library contained the following spells:

 Spells                   Type           Power      Damage    Failure   Level
 Alistair's Intoxication  Alch           0%         N/A       100%        5
 Borgnjor's Vile Clutch   Necr/Erth      0%         N/A       100%        5
 Eringya's Noxious Bog    Alch           0%         4d6       100%        6


Dungeon Overview and Level Annotations

Branches:
Dungeon (2/15)

Altars:


Innate Abilities, Weirdness & Mutations

You have large cloven feet.


Message History

The bat hits you but does no damage.
The quokka bites you but does no damage.
The goblin hits you but does no damage. The bat hits you but does no damage.
You block the quokka's attack.
The orc throws a boomerang.
The boomerang hits you. You block the goblin's attack.
The bat closely misses you.
The quokka bites you but does no damage.
The goblin completely misses you. The quokka barely misses you.
The quokka barely misses you.
The orc hits you from afar with a +0 trident.
The goblin barely misses you.
The bat hits you but does no damage. x2; The quokka bites you.
The orc throws a boomerang.
The boomerang hits you but does no damage.
The goblin hits you but does no damage. You block the bat's attack.
The quokka closely misses you.
The orc hits you from afar with a +0 trident.
The goblin hits you with a +0 dagger. The bat hits you but does no damage.
The quokka barely misses you. You block the orc's attack.
The goblin hits you but does no damage. The bat hits you but does no damage.
The quokka barely misses you.
The orc hits you from afar with a +0 trident.
You block the goblin's attack. The quokka closely misses you.
The bat hits you but does no damage. The quokka closely misses you.
The orc closely misses you. The goblin hits you with a +0 dagger.
The quokka bites you.
* * * LOW HITPOINT WARNING * * *
The orc hits you from afar with a +0 trident.
* * * LOW HITPOINT WARNING * * *
The goblin closely misses you. The bat closely misses you.
The quokka bites you but does no damage.
The orc throws a boomerang.
The boomerang misses you. The goblin hits you but does no damage.
The bat hits you but does no damage. The quokka bites you.
* * * LOW HITPOINT WARNING * * *
The bat misses you. You block the orc's attack.
The goblin hits you with a +0 dagger.
You die...

#####.##.#
#.##.##.[.#
#.##.##...#
#.##.##...#
#.##.##...# #
#.##.##...##.#
#.##.##.......
#.##.##...##.#.#
#.##...r@bo.....
#.####..g.......
.............
####.........#
#.........#
#.........#
#########.. ##


You could see an orc, a quokka, a goblin and a bat.

Vanquished Creatures
  2 ball pythons (D:1)
  2 endoplasms (D:1)
  2 hobgoblins (D:1)
  A quokka (D:1)
  A bat (D:1)
  3 frilled lizards
  A goblin (D:1)
  3 kobolds (D:1)
  A rat (D:1)
16 creatures vanquished.

Notes
Turn   | Place    | Note
-------+----------+-------------------------------------------
     0 | D:1      | Nvm9 the Demonspawn Fighter began the quest for the Orb.
     0 | D:1      | Reached XP level 1. HP: 18/18 MP: 1/1
   156 | D:1      | Gained mutation: You have large cloven feet. [demonic
                  | ancestry]
   156 | D:1      | Reached XP level 2. HP: 24/24 MP: 2/2
   771 | D:2      | You fall into a shaft and drop 1 floor!
   803 | D:3      | Slain by a goblin

Illustrated notes

Levels and vault maps discovered:
D:1:      lemuel_arrival_funnel, layout_basic, serial_bayou_crossing
D:2:      layout_loops_corners, nrook_loot_triangle, st_stairs_12, uniq_terence,
          uniq_crazy_yiuf_cottage
D:3:      layout_basic, regret_index_xom_buried_treasure, zin_treasury

Skill      XL: |  1 |
---------------+----+-----
Axes           | 2 |  2.1
Fighting       | |  3.2
Armour         | |  2.9
Shields        | |  2.9

Action                     || total
---------------------------++-------
  Melee: War axe           ||    52
         Kick              ||     6
 Armour: Scale mail        ||   130
  Dodge: Dodged            ||    62
  Block: Buckler           ||    41

Table legend: (Time is in decaauts)
 A = Elapsed time spent in this place.
 B = Non-inter-level travel time spent in this place.
 C = Inter-level travel time spent in this place.
 D = Time resting spent in this place.
 E = Time spent auto-exploring this place.
 F = Levels seen in this place.
 G = Mean time per level.
                   A        B        C        D        E       F      G
               +--------+--------+--------+--------+--------+-----+--------+
         Total |    829 |    829 |      0 |     35 |    512 |   3 |  276.3 |
       Dungeon |    829 |    829 |      0 |     35 |    512 |   3 |  276.3 |
               +--------+--------+--------+--------+--------+-----+--------+

Top non-repeatable levels by time:
     D:1: 761 daAuts
     D:2: 35 daAuts
     D:3: 32 daAuts
